Cogmind - Beta 15 @@@ ROGUE MODE // 2025.05.24 @ 17:25:20 Player: star Result: Destroyed by LD-FUE(R) with Subdweller Beam Cannon Performance ------------- Evolutions (0) 0 Regions Visited (2) 400 Robots Destroyed (17) 85 Value Destroyed (410) 410 Prototype IDs (0) 0 Alien Tech Used (0) 0 Bonus (0) 0 TOTAL SCORE: 895 Bonus ------- None Cogmind --------- Core Integrity 0/250 Matter 300/300 Energy 95/100 System Corruption 3% Temperature Cool (9) Movement Core (150) Ox2 Location -10/Subcaves Parts ------- > --- POWER (1) -------- (None) > --- PROPULSION (2) --- (None) > --- UTILITY (2) ------ Small Storage Unit > --- WEAPON (2) ------- Makeshift Axe > --- INVENTORY (8) ---- Light Humpback Heavy Riot Gun Barrage Gun Battle Cannon Subdweller Shrapnel Launcher Scrap Shield Fragment (49) Peak State ------------ > --- POWER ------------ Subdweller Power Source > --- PROPULSION ------- Subdweller Monowheel Subdweller Monowheel > --- UTILITY ---------- Small Storage Unit Makeshift Kinetic Plating > --- WEAPON ----------- Subdweller Beam Cannon Makeshift Axe > --- INVENTORY -------- Ion Engine Light Humpback Battle Cannon Battle Cannon Subdweller Shrapnel Launcher Scrap Shield Fragment [Rating: 18] Favorites ----------- Power Subdweller Power Source Engine Subdweller Power Source Propulsion Subdweller Monowheel Wheel Subdweller Monowheel Utility Small Storage Unit Storage Small Storage Unit Protection Makeshift Kinetic Plating Weapon Subdweller Beam Cannon Energy Gun EM Pulse Gun Energy Cannon Subdweller Beam Cannon Ballistic Gun Barrage Gun Ballistic Cannon Battle Cannon Slashing Weapon Makeshift Axe Build | -11 -10 -10 ------- Run | Yrd Mat Sub Slots Evolved . | . . . Power . | . . . Propulsion . | . . . Utility . | . . . Weapon . | . . . Parts Attached 17 | 6 . 11 Power 4 | 1 . 3 Engine 4 | 1 . 3 Core . | . . . Reactor . | . . . Propulsion 4 | 2 . 2 Treads . | . . . Leg . | . . . Wheel 4 | 2 . 2 Hover . | . . . Flight . | . . . Utility 2 | 1 . 1 Device . | . . . Storage 1 | 1 . . Processor . | . . . Hackware . | . . . Protection 1 | . . 1 Artifact . | . . . Weapon 7 | 2 . 5 Energy Gun 2 | 2 . . Energy Cannon 1 | . . 1 Ballistic Gun 2 | . . 2 Ballistic Cannon 1 | . . 1 Launcher . | . . . Special Weapon . | . . . Impact Weapon . | . . . Slashing Weapon 1 | . . 1 Piercing Weapon . | . . . Special Melee Weapon . | . . . Unidentified Prototypes . | . . . Corrupted Parts 1 | . . 1 System Corruption 3 | . . 3 Parts Lost 11 | . . 11 Power 3 | . . 3 Propulsion 4 | . . 4 Utility 1 | . . 1 Weapon 3 | . . 3 Highest Loss Streak 4 | . . 4 To Critical Strikes . | . . . Average Backups 4 | . 1 4 Power . | . 1 . Propulsion . | . . . Utility . | . . . Weapon 2 | . . 2 Tool/Special . | . . . Unused Backups 4 | . . 4 Power . | . . . Propulsion . | . . . Utility 1 | . . 1 Weapon 3 | . . 3 Tool/Special . | . . . Average Slot Usage (%) 74 | . 85 73 Engine 7 | . 14 7 Wheel 18 | . 28 17 Storage 14 | . 14 14 Protection 5 | . . 5 Energy Gun 7 | . 28 6 Energy Cannon 11 | . . 12 Ballistic Gun 1 | . . 1 Slashing Weapon 6 | . . 6 Peak Build Rating 18 | 6 6 18 Average Rating 10 | 4 6 11 On Entrance 4 | . 6 6 Naked Turns . | . . . Heaviest Build 29 | 13 13 29 Greatest Support 40 | 20 20 40 Greatest Overweight (x) 7 | 1 . 7 Average Overweight (x) 1 | . . 1 Largest Inventory Capacity 8 | 8 8 8 Average Capacity 7 | 6 8 8 Most Carried 8 | 1 1 8 Average Carried 5 | . 1 6 Final Capacity 8 | 8 8 8 Final Carried 7 | 1 1 7 Class Distribution -------------------- 100% | Mutant Dominant Class ---------------- Mutant | -10/Materials Mutant | -10/Subcaves Resources | -11 -10 -10 ----------- Run | Yrd Mat Sub Matter Collected 429 | 205 55 169 Remotely . | . . . Salvage Created 496 | . 88 408 Parts 33 | . 13 20 Haulers Intercepted . | . . . Recyclers Shooed . | . . . Parts Field Recycled . | . . . Retrieved Matter . | . . . Parts Self-Destructed 14 | . . 14 Prevented . | . . . Kills | -11 -10 -10 ------- Run | Yrd Mat Sub Combat Hostiles Destroyed 17 | . 6 11 Melee 3 | . . 3 Guns 8 | . 5 3 Cannons 5 | . . 5 AOE 1 | . 1 . Classes Destroyed 2 | . 1 1 Swarmer 9 | . 6 3 Subdweller 8 | . . 8 Best Kill Streak 4 | . 4 3 Combat Bots Only 4 | . 4 3 Max Kills in Single Turn 1 | . 1 1 Gunslinging . | . . . Exploded 1 | . 1 . Melee 1 | . . 1 Uniques/NPCs Destroyed . | . . . Combat | -11 -10 -10 -------- Run | Yrd Mat Sub Hostile Shots Fired 104 | . 34 70 Missed 35 | . 11 24 Hits 69 | . 23 46 Projectile 69 | . 23 46 Critical Strikes 3 | . 1 2 Damage Taken 1037 | . 210 827 Core 250 | . 35 215 Absorbed by Shields . | . . . Ignored by Resistances 31 | . . 31 Core Remaining (%) 100 | 100 . . Volleys Fired 37 | . 16 21 Largest 2 | . 2 2 Hottest 120 | . 80 120 Shots Fired 73 | . 32 41 Gun 55 | . 32 23 Cannon 18 | . . 18 Launcher . | . . . Special . | . . . Kinetic 7 | . . 7 Thermal 36 | . 16 20 Explosive . | . . . Electromagnetic 30 | . 16 14 Robot Hit Streak 15 | . 2 15 Robot Miss Streak 3 | . 3 3 Penetration Max . | . . . Secondary Targets 2 | . 2 . Max Gunslinging Chain 1 | . 1 . Shots Hit Robots 53 | . 12 41 Core Hits 21 | . 6 15 Critical Kills . | . . . Critical Parts Destroyed . | . . . Critical Strikes . | . . . Melee Attacks 36 | . . 36 Impact . | . . . Slashing 36 | . . 36 Piercing . | . . . Sneak Attacks 2 | . . 2 Combat Hostiles 1 | . . 1 Follow-up Attacks . | . . . Damage Inflicted 1120 | . 175 945 Guns 320 | . 142 178 Cannons 321 | . . 321 Explosions 33 | . 33 . Melee 446 | . . 446 Ramming . | . . . Kinetic 58 | . . 58 Thermal 442 | . 98 344 Explosive . | . . . Electromagnetic 174 | . 77 97 Impact . | . . . Slashing 446 | . . 446 Piercing . | . . . Highest Corruption 3 | . . 3 Average Corruption 3 | . . 3 Corruption Purged . | . . . Corruption Blocked . | . . . Effects 28 | . . 28 Message Errors 7 | . . 7 Matter Fused 7 | . . 7 Heat Flow Errors 2 | . . 2 Energy Discharges 1 | . . 1 Data Loss (minor) 9 | . . 9 Data Loss (major) 1 | . . 1 Misfires 1 | . . 1 Overload Shots . | . . . Overflow Damage 15 | . . 15 Projectiles . | . . . Explosions . | . . . Melee 15 | . . 15 Knockbacks . | . . . Impact . | . . . Kinetic . | . . . Secondary . | . . . Self-Inflicted Damage 35 | . 35 . Shots 1 | . 1 . Rammed . | . . . Targets Rammed . | . . . Kicked . | . . . Crushed . | . . . Highest Temperature 144 | . 144 126 Average Temperature 44 | . 51 24 Received Heat Transfer 138 | . . 138 Siege Activations . | . . . Martial Activations . | . . . Shielding Activations . | . . . Robots Disrupted . | . . . Combat Hostiles . | . . . Robots Corrupted . | . . . Combat Hostiles . | . . . Parts Fried . | . . . Impact Corruptions . | . . . Robots Melted . | . . . Combat Hostiles . | . . . Parts Melted 2 | . . 2 Heat Transferred 644 | . 150 494 Parts Sabotaged . | . . . Parts Stolen . | . . . Parts Stripped . | . . . Power Chain Reactions 1 | . 1 . Alert | -11 -10 -10 ------- Run | Yrd Mat Sub Maximum Alert Level . | . . . Low Security (%) 100 | 100 100 . Level 1 . | . . . Level 2 . | . . . Level 3 . | . . . Level 4 . | . . . Level 5 . | . . . High Security . | . . . Max Security . | . . . Peak Influence 115 | . 115 . Initial . | . . . Average 58 | . 78 . Influence Increases 280 | . 145 135 Destroy 0b10 Robot/C 180 | . 120 60 Destroy Leader 20 | . 20 . Destroy Structure 5 | . 5 . Lose Combat Pursuer 75 | . . 75 Influence Decreases 280 | . 60 220 Entered New Map 41 | . . 41 Time Decay 199 | . 60 139 Lost Part 40 | . . 40 Squads Dispatched . | . . . Investigation . | . . . Extermination . | . . . Reinforcement . | . . . Assault . | . . . Garrison . | . . . Intercept . | . . . Searches Triggered . | . . . Construction Impeded . | . . . Haulers Reinforced . | . . . Active Scanning Responses . | . . . Cargo Convoy Interrupts . | . . . Stealth | -11 -10 -10 --------- Run | Yrd Mat Sub Distress Signals 1 | . 1 . Communications Jammed . | . . . Distress Signals . | . . . Times Spotted 22 | . 8 14 Peak Tracking Total 5 | . 5 3 Tactical Retreats 3 | . . 3 Traps | -11 -10 -10 ------- Run | Yrd Mat Sub Traps Triggered 1 | . . 1 Indirectly . | . . . Trap Hack Attempts . | . . . Triggered . | . . . Disarmed . | . . . Reprogrammed . | . . . Reused . | . . . Traps Extracted . | . . . Installed . | . . . Triggered . | . . . Machines | -11 -10 -10 ---------- Run | Yrd Mat Sub Machines Disabled . | . . . Max in Single Turn . | . . . Machines Repaired . | . . . Machines Dismantled . | . . . Machines Sabotaged . | . . . Overloaded Fab Kills . | . . . Hacking | -11 -10 -10 --------- Run | Yrd Mat Sub Machines Accessed . | . . . Terminals . | . . . Fabricators . | . . . Repair Stations . | . . . Recycling Units . | . . . Scanalyzers . | . . . Garrison Access . | . . . Total Hacks . | . . . Successful . | . . . Failed . | . . . Catastrophic . | . . . Database Lockouts . | . . . Manual . | . . . Terminals . | . . . Fabricators . | . . . Repair Stations . | . . . Recycling Units . | . . . Scanalyzers . | . . . Garrison Access . | . . . Terminal Hacks . | . . . Fabricator Hacks . | . . . Repair Station Hacks . | . . . Recycling Unit Hacks . | . . . Scanalyzer . | . . . Garrison Access Hacks . | . . . Unauthorized Hacks . | . . . Terminals . | . . . Fabricators . | . . . Repair Stations . | . . . Recycling Units . | . . . Scanalyzers . | . . . Garrison Access . | . . . Data Cores Recovered . | . . . Used . | . . . Hacking Detections . | . . . Full Trace Events . | . . . Feedback Events . | . . . Feedback Blocked . | . . . Robot Schematics Acquired . | . . . Robots Built . | . . . Authchips . | . . . Time . | . . . Total Robot Build Rating . | . . . Part Schematics Acquired . | . . . Parts Built . | . . . Authchips . | . . . Time . | . . . Total Part Build Rating . | . . . Parts Repaired . | . . . Time . | . . . Parts Recycled . | . . . Recycled Matter . | . . . Retrieved Matter . | . . . Retrieved Components . | . . . Parts Scanalyzed . | . . . Part Schematics Acquired . | . . . Parts Damaged . | . . . Bothacking | -11 -10 -10 ------------ Run | Yrd Mat Sub Used RIF Installer . | . . . Robots Hacked . | . . . Non-combat . | . . . Combat . | . . . Robot Hacks Applied . | . . . Relay Couplers Released . | . . . Fabnet Peak Effective % . | . . . Robots Rewired . | . . . Allies Hacked . | . . . Hacks Repelled . | . . . Allies | -11 -10 -10 -------- Run | Yrd Mat Sub Total Allies . | . . . Largest Group . | . . . Highest-Rated Group . | . . . Highest-Rated Ally . | . . . Total Orders . | . . . Ally Attacks . | . . . Total Damage . | . . . Kills . | . . . Allies Corrupted . | . . . Allies Melted . | . . . Intel | -11 -10 -10 ------- Run | Yrd Mat Sub Active Infowar (turns) . | . . . Robot Analysis Total . | . . . Derelict Logs Recovered 1 | . . 1 Drone Launches . | . . . Drone Recoveries . | . . . Exploration | -11 -10 -10 ------------- Run | Yrd Mat Sub Turns Passed 1790 | 44 133 1613 Spaces Moved 924 | 43 105 776 Core 247 | 4 . 243 Treads . | . . . Legs . | . . . Wheels 677 | 39 105 533 Hover . | . . . Flight . | . . . Fastest Speed 50 | 50 80 80 Average Speed 162 | 79 80 178 Slowest Speed 400 | 100 80 400 Overloaded Moves . | . . . Propulsion Burnouts . | . . . Robots Hopped . | . . . Potential Cave-ins . | . . . Cave-ins Triggered . | . . . Exploration Rate (%) 22 | 3 16 49 Regions Visited 2 Branch Regions 1 Pre-discovered Areas 1 | . . 1 Known Exits Taken . | . . . Unknown Exits Taken 2 | 1 1 . Scrap Searched 8 | . . 8 Spaces Dug 3 | . . 3 Terrain Destroyed 9 | . 4 5 Melee 3 | . . 3 Projectile 2 | . . 2 AOE 4 | . 4 . Terrain Rammed . | . . . Walls Destroyed . | . . . Machines Disabled . | . . . Actions | -11 -10 -10 --------- Run | Yrd Mat Sub Total 1092 | 49 121 922 Wait 68 | . 1 67 Move 922 | 42 104 776 Hop . | . . . Pick Up 10 | 1 . 9 Fast Attach 10 | 6 . 4 Attach 3 | . . 3 Detach . | . . . Swap 5 | . . 5 Drop 1 | . . 1 Fire 37 | . 16 21 Melee 36 | . . 36 Ram . | . . . Kick . | . . . Crush . | . . . Escape Stasis . | . . . Rewire . | . . . Trap . | . . . Miscellaneous . | . . . Route ------- -11/Scrapyard -10/Materials -10/Subcaves (discovered 1 exit: [*Mat]) History --------- Turn | Location | Event 21 | -11/Scrapyard | Discovered new exit (range 15) 45 | -11/Scrapyard | Entered Materials 164 | -10/Materials | Discovered new exit (range 14) 178 | -10/Materials | Entered Subcaves 209 | -10/Subcaves | Shifting Twisted Machinery released Mak. Kinetic Plating 291 | -10/Subcaves | Lost 4 parts (1p2n1w) 304 | -10/Subcaves | Shifting Twisted Machinery released Battle Cannon 311 | -10/Subcaves | Build established: Mutant 797 | -10/Subcaves | Learned 4 Materials zone layouts 809 | -10/Subcaves | Discovered new exit (range 10) 849 | -10/Subcaves | Shifting Twisted Machinery released Battle Cannon 1336 | -10/Subcaves | Shifting Twisted Machinery released Sub. Beam Cannon 1353 | -10/Subcaves | Shifting Twisted Machinery released Hvy. Riot Gun 1584 | -10/Subcaves | Ambushed by Subdweller buried in earth 1589 | -10/Subcaves | Core integrity fell below 50% 1678 | -10/Subcaves | Learned location of Zion (-7) 1678 | -10/Subcaves | Met a Zionite searching for "candidates" 1790 | -10/Subcaves | Core integrity fell below 20% 1791 | -10/Subcaves | Destroyed by LD-FUE(R) with Subdweller Beam Cannon Last Messages --------------- 01585_ 1T-KYZ(R): "GOODGOOD!" 01596_ Broken Sub. Monowheel destroyed. 01597_ 1T-KYZ(R) destroyed. 01602_ Acquired 14 matter. 01624_ Subatomizers dissect the Disposable Heat Sink. 01637_ QY-VMI(z): "She is not going to be happy we haven't found any suitable candidates yet." 01639_ System corrupted: Matter fused (-10). 01659_ =EP%KU8%PBJ4N67EQUCEL 3D3J=GEOSN5OZWTU 01678_ QY-VMI(z): "Hey you! It's really dangerous down here, I feel that you could die at any moment. For your health and safety might I suggest a trip to Zion?" World map updated: -7/Zion. 01696_ System corrupted: Heat flow error (+120). 01761_ Acquired 20 matter. 01768_ Acquired Unknown Engine. 01768_ Identified Lgt. Ion Engine. 01780_ LD-FUE(R): "SUBHATE!" 01784_ Sub. Beam Cannon destroyed. 01786_ Lgt. Ion Engine destroyed. Map ----- +----------------------------------------------------+ | ?????????????????????????????????????????????????? | | ?????????????????????????????????????????????????? | | ?????????????????????????????????????????????????? | | ?????????????????????????????????????????????????? | | ?????????????????????????????????????????????????? | | ?????????????????????????????????????????????????? | | ?????????????????????????????????????????????????? | | ?????????????????????????????????????????????????? | | ?????????????????????????????????????????????????? | | ?????????????????????????????????????????????????? | | ?????????????????????????????????????????????????? | | ?????????????????????????????????????????????????? | | ?????????????????????????????????????????????????? | | ????????????????????????????????##???????????????? | | ??????????????????????????????? #???????????????? | | ??????????????????????????????? ????????????????? | | ?????????????????????????????? ????????????????? | | ?????????????????????#######?# ?????????????????? | | ?????????????????????? ## ??????????????????? | | ?????????????????????? ???????????????????? | | ??????????????????????? ???????????????????? | | ???????????????????????"" ????????????????????? | | ??????????????????????## ?????????????????????? | | ??????????????????###?# #?????????????????????? | | ??????????????????#"#### R #?????????????????????? | | ??????????????????# "##"@ #?????????????????????? | | ??????????????????#"" "" ###????????????????????? | | ?????????????????##""" ""##???????????????????? | | ??????????????####" ""% "##??????????????????? | | ?????????????## """ "* #??????????????????? | | ?????????????# """ ##?????????????????? | | ?????????????# """ ##????????????????? | | ?????????????### "" "" #????????????????? | | ???????????????# """ "## #???????????????? | | ???????????????##" "## ## #??????????????? | | ????????????????# # "" #? ?????????????? | | ???????????????## # ##?? ????????????? | | ???????????????#"""" "########???? ????????????? | | ??????????????##"""" #???????????? ????????????? | | ??????????????# ##??????????????????????????? | | ?????????????## ##??######???????????????????? | | ?????????????# #?### #???????????????????? | | ?????????????# ##### #???????????????????? | | ?????????????# ### #???????????????????? | | ?????????????### #######??????????????? | | ?????????# # # #### #??????????????? | | ?????????# ##### # ##" ### #??????????????? | | ????????????????## #"""" ##?????????????? | | ?????????????????# #"""" "" #?????????????? | | ?????????????????# ###""" """" ##?????? ??????? | +----------------------------------------------------+ Best States ------------- Heat Dissipation 25 Energy Generation 15 Energy Capacity 250 Matter Stores 300 Matter Capacity 300 Sight Range 16 Terrain Scan Density 10 Armor Coverage 100 Resistance: KI 10 Evasion (%) 44 Item Schematics ----------------- None Robot Schematics ------------------ None Fabricated ------------ Nothing Repaired ---------- Nothing Alien Tech Used ----------------- None Achievements -------------- None Challenges ------------ None Game ------ Seed ScrapoidDefenseMesh Manual? 0 Play Time 00:08:39 Cumulative 145.2 hours Start 2025.05.24 @ 17:16:53 End 2025.05.24 @ 17:25:20 Sessions 1 Manual Loads 0 Difficulty Rogue Special Mode None Game No. 252 Rogue 252 Adventurer 0 Explorer 0 Win Type - Total 1 Types 1/0/0/0/0/0/0/0/0/0 Lore% 51 Gallery% 57 Achievement% 48 Wizard Run 0 Options --------- Layout 0 ASCII 0 Keyboard 1 Movement Numpad Keybinds 0 Fullscreen 2 Font 18/SmallcapsGlow Map View 76x50 Zoom Use 0% Tactical HUD 1 Map Filters NONE Filters NONE Steam 1 RUN: 87a2b4f7-c881-4806-b12f-d2323299376b